 Dungeon Crawl Stone Soup version 0.23.2 (webtiles) character file.

Game seed: 17471607323054423

394 Borgoz the Cutter (level 7, -2/41 HPs)
             Began as a Kobold Gladiator on Apr 12, 2019.
             Slain by a gnoll
             ... wielding a +2 flail of crushing
              (6 damage)
             ... on level 4 of the Dungeon.
             The game lasted 00:08:01 (3230 turns).

Borgoz the Cutter (Kobold Gladiator)                Turns: 3230, Time: 00:08:02

Health: -2/41      AC:  7    Str: 14    XL:     7   Next: 9%
Magic:  8/8        EV: 15    Int:  9    God:
Gold:   91         SH:  0    Dex: 16    Spells: 7/8 levels left

rFire    . . .     SeeInvis .   a - +0 rapier
rCold    . . .     Gourm    .   (shield restricted)
rNeg     . . .     Faith    .   j - +0 ring mail
rPois    .         Spirit   .   c - +1 helmet
rElec    .         Reflect  .   (no cloak)
rCorr    .         Harm     .   (no gloves)
MR       .....     Rnd*Tele +   (no boots)
Stlth    ++........             (no amulet)
HPRegen  0.13/turn              i - +3 ring of slaying
MPRegen  0.11/turn              s - ring of teleportation (curse)

@: very slightly contaminated, hasted, very quick
A: small, carnivore
a: no special abilities


You were on level 4 of the Dungeon.
You were very full.

You visited 1 branch of the dungeon, and saw 5 of its levels.

You collected 91 gold pieces.

Inventory:

Hand Weapons
 a - a +0 rapier (weapon)
Missiles
 d - a throwing net (quivered)
Armour
 c - a +1 helmet (worn)
 j - a +0 ring mail (worn)
Jewellery
 e - an uncursed amulet of the gourmand {unknown}
 i - a +3 ring of slaying (left hand)
 o - an uncursed ring of protection from cold
 r - an uncursed ring of ice
 s - a cursed ring of teleportation (right hand)
Wands
 l - a wand of clouds (3)
 n - a wand of acid (12)
Scrolls
 b - a scroll of identify
Potions
 g - 2 potions of mutation
 m - 5 potions of flight
Comestibles
 f - 6 rations


   Skills:
 + Level 3.3 Fighting
 * Level 6.0 Short Blades
 - Level 2.1 Throwing
 * Level 2.5 Armour
 + Level 4.5 Dodging
 - Level 3.0 Stealth
 + Level 1.3 Spellcasting
 + Level 1.4 Hexes


You had 7 spell levels left.
You knew the following spells:

 Your Spells              Type           Power        Failure   Level  Hunger
a - Confusing Touch       Hex            #.....       36%         1    ##.....

Your spell library contained the following spells:

 Spells                   Type           Power        Failure   Level  Hunger
 Confuse                  Hex            #.......     75%         3    ####...
 Gell's Gravitas          Tloc           #.........   91%         3    ####...
 Petrify                  Tmut/Erth      #.......     100%        4    #####..
 Metabolic Englaciation   Hex/Ice        #.........   100%        5    ######.
 Yara's Violent Unravell  Hex/Tmut       #.........   100%        5    ######.


Dungeon Overview and Level Annotations

Branches:
Dungeon (5/15)
 Temple: D:4-7

Altars:
Elyvilon
Fedhas
Qazlal
Vehumet

Annotations:
D:4 Natasha, Robin
D:5 Dowan, Duvessa


Innate Abilities, Weirdness & Mutations

You are small and have problems with some larger weapons.
You are carnivorous and can eat meat at any time.


Message History

The goblin misses you. The goblin closely misses you.
The gnoll barely misses you.
The goblin shouts!
You hit the gnoll.
You kill the gnoll!
Your Short Blades skill increases to level 6!
The goblin barely misses you. The goblin closely misses you.
Robin roars a battlecry!
The goblins go into a battle-frenzy!
You hit the gnoll.
The gnoll is heavily wounded.
The gnoll hits you with a +2 flail of crushing.
* * * LOW HITPOINT WARNING * * *
x2 The goblin hits you with a +0 dagger.
* * * LOW HITPOINT WARNING * * *
The goblin barely misses you.
Okay, then.
You feel yourself speed up.
The gnoll hits you with a +2 flail of crushing.
You die...

##### #### #....
... #. ....########
... ..O5.....5#....
#gggh.gg..≈≈.
#ggg§(5g5.5≈.
#gg(gg).#
#g############
#@g.....'....'
#g......#....#
#.^.....#....#
##########'§§'#####
............§§§§...
≈≈≈≈≈≈≈≈≈≈..§§§§§≈≈
≈≈≈≈≈≈≈≈≈≈..g§§≈§§≈
≈≈≈≈≈≈≈≈≈gg...≈≈≈≈≈
........h..........


You could see an ogre, a gnoll shaman, Robin, Natasha, 5 gnolls, a shadow imp, a
hobgoblin and 3 goblins.

Vanquished Creatures
  An orc priest (D:3)
  Jessica (D:2)
  An orc wizard (D:3)
  Natasha (D:4)
  15 gnolls
  3 adders
  2 oozes
  2 worms (D:2)
  2 dart slugs
  6 leopard geckos
  3 orcs
  2 ball pythons
  2 giant cockroaches
  6 goblins
  9 hobgoblins
  9 jackals
  3 quokkas
  10 bats
  7 frilled lizards
  A jackal skeleton (D:4)
  5 kobolds
  13 rats
104 creatures vanquished.

Vanquished Creatures (others)
  2 goblins (D:4)
  A hobgoblin (D:4)
3 creatures vanquished.

Grand Total: 107 creatures vanquished

Notes
Turn   | Place    | Note
-------+----------+-------------------------------------------
     0 | D:1      | Borgoz the Kobold Gladiator began the quest for the Orb.
     0 | D:1      | Reached XP level 1. HP: 12/12 MP: 1/1
     2 | D:1      | Noticed a merfolk
     4 | D:1      | Noticed a felid
     4 | D:1      | Noticed a centaur
     6 | D:1      | Noticed a spriggan
     6 | D:1      | Noticed a human
     8 | D:1      | Noticed a dwarf
    11 | D:1      | Noticed a ghoul
    11 | D:1      | Noticed a halfling
    13 | D:1      | Noticed a tengu
    15 | D:1      | Noticed an elf
    17 | D:1      | Noticed a vampire
    17 | D:1      | Noticed a vine stalker
    19 | D:1      | Noticed a gargoyle
    19 | D:1      | Noticed a minotaur
    21 | D:1      | Noticed a demigod
    21 | D:1      | Noticed a naga
    23 | D:1      | Noticed a formicid
    23 | D:1      | Noticed a draconian
    25 | D:1      | Noticed an octopode
    25 | D:1      | Noticed a troll
    27 | D:1      | Noticed an ogre
    27 | D:1      | Noticed a demonspawn
    88 | D:1      | Reached XP level 2. HP: 17/17 MP: 2/2
   162 | D:1      | Reached skill level 1 in Stealth
   359 | D:1      | Reached XP level 3. HP: 22/22 MP: 3/3
   591 | D:2      | Reached skill level 1 in Armour
   790 | D:2      | Found a white marble altar of Elyvilon.
   888 | D:2      | Reached XP level 4. HP: 27/27 MP: 4/4
  1055 | D:2      | Found a stormy altar of Qazlal.
  1058 | D:2      | Found a radiant altar of Vehumet.
  1163 | D:2      | Learned a level 1 spell: Confusing Touch
  1220 | D:2      | Noticed Jessica
  1226 | D:2      | Killed Jessica
  1226 | D:2      | Reached skill level 5 in Short Blades
  1305 | D:2      | Reached XP level 5. HP: 31/31 MP: 5/5
  2016 | D:3      | Reached XP level 6. HP: 4/37 MP: 6/6
  2416 | D:3      | Reached skill level 1 in Hexes
  2434 | D:3      | Reached skill level 1 in Spellcasting
  2790 | D:4      | Found a blossoming altar of Fedhas.
  2817 | D:5      | Entered Level 5 of the Dungeon
  2975 | D:5      | Noticed Dowan
  2975 | D:5      | Noticed Duvessa
  3078 | D:4      | Noticed Natasha
  3086 | D:4      | Killed Natasha
  3195 | D:4      | Noticed Robin
  3195 | D:4      | Noticed Natasha
  3207 | D:4      | Noticed an ogre
  3211 | D:4      | Reached XP level 7. HP: 19/41 MP: 8/8
  3228 | D:4      | Reached skill level 6 in Short Blades
  3230 | D:4      | Slain by a gnoll

Skill      XL: |  1  2  3  4  5  6  7 |
---------------+----------------------+-----
Stealth        | 1 2 3 |  3.0
Armour         | 1 2 |  2.5
Dodging        | 4 |  4.5
Short Blades   | 5 6 |  6.0
Fighting       | 3 |  3.3
Hexes          | 1 |  1.4
Spellcasting   | 1 |  1.3
Throwing       | |  2.1

Action                   |  1- 3 |  4- 6 |  7- 9 || total
-------------------------+-------+-------+-------++-------
Melee: Rapier            |    96 |   183 |    13 ||   292
Throw: Throwing net      |       |     6 |       ||     6
  Use: Scroll            |     1 |     9 |       ||    10
       Potion            |       |     6 |     1 ||     7
 Stab: Sleeping          |     2 |     5 |       ||     7
       Invisible         |       |     4 |     2 ||     6
  Eat: Chunk             |     8 |     7 |       ||    15
Armor: Leather armour    |     6 |       |       ||     6
       Ring mail         |    13 |    66 |     5 ||    84
Dodge: Dodged            |    76 |   232 |    26 ||   334
